 Dungeon Crawl Stone Soup version 0.31-a0-40-g1d5085d191 (webtiles) character file.

Game seed: 16505206529315378032

775 vineage the Poker (level 7, -5/46 HPs)
             Began as a Gargoyle Fighter on May 17, 2023.
             Slain by an ice beast (11 damage)
             ... on level 4 of the Dungeon.
             The game lasted 00:04:49 (3395 turns).

vineage the Poker (Gargoyle Fighter)                Turns: 3395, Time: 00:04:50

Health: -5/46      AC: 16    Str: 19    XL:     7   Next: 84%
Magic:  7/7        EV:  9    Int:  9    God:
Gold:   277        SH:  4    Dex: 11    Spells: 6/6 levels left

rFire   . . .        w - +2 spear (flame)
rCold   . . .        c - +0 buckler
rNeg    + . .        b - +0 scale mail
rPois   ∞            g - +1 hat
rElec   +            d - +0 cloak
rCorr   .            (no gloves)
SInv    .            j - +2 pair of boots
Will    .....        (no amulet) Stlth
                     n - ring of fire
HPRegen 0.27/turn    q - ring of ice
MPRegen 0.10/turn

%: no passive effects
@: no status effects
A: sickness immunity, AC +4, negative energy resistance 1, electricity
resistance, torment resistance 1, petrification resistance
a: no special abilities


You were on level 4 of the Dungeon.
You visited 1 branch of the dungeon, and saw 4 of its levels.

You collected 277 gold pieces.

Inventory:

Hand Weapons
 a - a +0 trident
 w - a +2 spear of flaming (weapon)
Armour
 b - a +0 scale mail (worn)
 c - a +0 buckler (worn)
 d - a +0 cloak (worn)
 g - a +1 hat (worn)
 j - a +2 pair of boots (worn)
Jewellery
 n - a ring of fire (left hand)
 q - a ring of ice (right hand)
 r - an amulet of regeneration
Scrolls
 k - a scroll of fear
 o - a scroll of vulnerability
 p - 2 scrolls of poison
 s - a scroll of amnesia {unknown}
 u - a scroll of immolation {unknown}
 v - a scroll of silence {unknown}
Potions
 e - a potion of berserk rage {unknown}
 f - a potion of heal wounds {unknown}
 h - a potion of attraction {unknown}
 i - a potion of lignification
 l - 4 potions of curing
 m - a potion of haste {unknown}
 t - 2 potions of mutation {unknown}


   Skills:
 + Level 6.2 Fighting
 * Level 6.5 Polearms
 - Level 3.2 Armour
 - Level 3.2 Shields


You had 6 spell levels left.
You didn't know any spells.
Your spell library contained the following spells:

 Spells                   Type           Power      Damage    Failure   Level
 Shock                    Conj/Air       0%         1d3       83%         1
 Lesser Beckoning         Tloc           0%         N/A       92%         2
 Gell's Gravitas          Tloc           0%         N/A       99%         3
 Swiftness                Air            0%         N/A       99%         3
 Teleport Other           Tloc           0%         N/A       99%         3
 Airstrike                Air            0%         2d(0-16)  100%        4
 Petrify                  Tmut/Erth      0%         N/A       100%        4
 Irradiate                Conj/Tmut      0%         3d11      100%        5
 Sublimation of Blood     Necr           Unusable   N/A       N/A         2

Dungeon Overview and Level Annotations

Branches:
Dungeon (4/15)
 Temple: D:4-7

Altars:
The Shining One

Shops:
D:2 =


Innate Abilities, Weirdness & Mutations

You are immune to sickness and miasma.
Your stone body is resilient. (AC +4)
You are immune to poison.
You resist negative energy. (rN+)
You are resistant to electric shocks. (rElec)
You are resistant to unholy torment.
You are immune to petrification.


Message History

You are too injured to fight recklessly!
You are too injured to fight recklessly!
You are too injured to fight recklessly!
You are too injured to fight recklessly!
You are too injured to fight recklessly!
You are too injured to fight recklessly!
You are too injured to fight recklessly!
You are too injured to fight recklessly!
You are too injured to fight recklessly!
You are too injured to fight recklessly!
You are too injured to fight recklessly!
You are too injured to fight recklessly!
You are too injured to fight recklessly!
You closely miss the ice beast.
The ice beast is moderately wounded.
The ice beast closely misses you.
You hit the ice beast.
You melt the ice beast.
The ice beast is heavily wounded.
You block the ice beast's attack.
You hit the ice beast.
You melt the ice beast.
The ice beast is severely wounded.
The ice beast closely misses you.
You hit the ice beast.
You melt the ice beast.
The ice beast is severely wounded.
You hit the ice beast.
You melt the ice beast.
The ice beast is almost dead.
The ice beast hits you but does no damage.
You barely miss the ice beast.
The ice beast is almost dead.
You block the ice beast's attack.
You completely miss the ice beast.
The ice beast is almost dead.
The ice beast hits you. The ice beast freezes you!
* * * LOW HITPOINT WARNING * * *
You hit the ice beast but do no damage.
The ice beast is almost dead.
The ice beast hits you.
* * * LOW HITPOINT WARNING * * *
The ice beast freezes you!
You die...

# ###..###...###...#.#
#####...##......(###...#
...##.#.#...###....##..#
........#).# #....#.##
.....##.#..# ..##...#.#
........##.#...$#)..'.#
......#..#...=.$#...'.#
.........#.....##...'.#
....>...##.....#@...#.#
.)......#!.Z..##Y...#.#
........#...###....##.#
........##......).##..#
.........# .....###..##
.(.......## #####...##
...<......###.....###
..............##.##
########.........#


You could see an ice beast.

Vanquished Creatures
  Sigmund (D:2)
  An ogre (D:4)
  A scorpion (D:4)
  The ghost of KimchiStew the Conjurer, a weakling TeCj (D:4)
  A hound (D:4)
  2 gnoll boudas (D:4)
  Crazy Yiuf (D:2)
  Natasha (thrice) (D:2)
  A scorpion simulacrum (D:4)
  10 gnolls (D:4)
  4 adders
  An ufetubus (D:4)
  2 worms (D:2)
  3 dart slugs
  3 adder simulacra (D:4)
  An orc (D:3)
  2 bats (D:2)
  9 endoplasms
  2 giant cockroaches
  9 hobgoblins
  8 jackals
  A quokka (D:4)
  10 ball pythons
  5 frilled lizards
  6 goblins
  2 kobolds
  4 rats
94 creatures vanquished.

Notes
Turn   | Place    | Note
-------+----------+-------------------------------------------
     0 | D:1      | vineage the Gargoyle Fighter began the quest for the Orb.
     0 | D:1      | Reached XP level 1. HP: 14/14 MP: 1/1
   155 | D:1      | Reached XP level 2. HP: 15/19 MP: 2/2
   593 | D:2      | Found Cadyudgho's Jewellery Shop.
   593 | D:2      | Noticed Natasha
   597 | D:2      | Killed Natasha
   598 | D:2      | Reached XP level 3. HP: 24/24 MP: 3/3
   698 | D:2      | Reached XP level 4. HP: 29/29 MP: 4/4
   781 | D:2      | Noticed Natasha
   790 | D:2      | Killed Natasha
   868 | D:2      | Found a runed translucent door.
   869 | D:2      | Noticed Crazy Yiuf
   943 | D:2      | Noticed Sigmund
  1273 | D:2      | Killed Sigmund
  1274 | D:2      | Reached skill level 5 in Fighting
  1274 | D:2      | Reached XP level 5. HP: 35/35 MP: 5/5
  1274 | D:2      | Reached XP level 6. HP: 40/40 MP: 6/6
  1399 | D:2      | Noticed Natasha
  1409 | D:2      | Killed Natasha
  1668 | D:2      | Killed Crazy Yiuf
  1669 | D:2      | Reached skill level 5 in Polearms
  2131 | D:3      | Found a glowing golden altar of the Shining One.
  2465 | D:4      | Noticed KimchiStew's ghost (weakling TeCj)
  2465 | D:4      | Noticed an ice beast
  2584 | D:4      | Found a runed translucent gate.
  2584 | D:4      | Found a runed translucent gate.
  2584 | D:4      | Found a runed translucent gate.
  2731 | D:4      | Reached XP level 7. HP: 35/44 MP: 7/7
  3345 | D:4      | Killed KimchiStew's ghost
  3395 | D:4      | Slain by an ice beast

Illustrated notes

Levels and vault maps discovered:
D:1:      lightli_iron_boxes, layout_loops_cross
D:2:      kennysheep_big_flooded_room, layout_rooms, serial_shops, shop,
          uniq_natasha, uniq_sigmund, uniq_crazy_yiuf_cottage
D:3:      layout_loops_cross, nicolae_tso_carved_into_rock
D:4:      layout_basic, gammafunk_ghost_icy, chequers_mini_garden

Skill      XL: |  1  2  3  4  5  6  7 |
---------------+----------------------+-----
Polearms       | 2 3 4 5 6 |  6.5
Fighting       | 4 5 6 |  6.2
Armour         | |  3.2
Shields        | |  3.2

Action                     |  1- 3 |  4- 6 |  7- 9 || total
---------------------------+-------+-------+-------++-------
  Melee: Trident           |    78 |   144 |   129 ||   351
         Spear             |       |       |    37 ||    37
    Use: Scroll            |     1 |     4 |     1 ||     6
         Potion            |       |     2 |     1 ||     3
 Armour: Scale mail        |    28 |    60 |    64 ||   152
         Skin              |       |       |     4 ||     4
  Dodge: Dodged            |    24 |    50 |    57 ||   131
  Block: Buckler           |     8 |    26 |    27 ||    61

Table legend: (Time is in decaauts)
 A = Elapsed time spent in this place.
 B = Non-inter-level travel time spent in this place.
 C = Inter-level travel time spent in this place.
 D = Time resting spent in this place.
 E = Time spent auto-exploring this place.
 F = Levels seen in this place.
 G = Mean time per level.
                   A        B        C        D        E       F      G
               +--------+--------+--------+--------+--------+-----+--------+
         Total |   3425 |   3283 |    142 |    538 |   2041 |   4 |  856.2 |
       Dungeon |   3425 |   3283 |    142 |    538 |   2041 |   4 |  856.2 |
               +--------+--------+--------+--------+--------+-----+--------+

Top non-repeatable levels by time:
     D:2: 971 daAuts
     D:4: 937 daAuts
     D:1: 865 daAuts
     D:3: 650 daAuts
